 Dungeon Crawl Stone Soup version 0.26-a0-466-g989023bd0d (webtiles) character file.

Game seed: 6329324448509458944

102 epen the Poker (level 4, -6/36 HPs)
             Began as a Gnoll Chaos Knight on Aug 2, 2020.
             Was a Plaything of Xom.
             Mangled by an ice devil (10 damage)
             ... summoned by Xom
             ... on level 3 of the Dungeon.
             The game lasted 00:02:04 (1819 turns).

epen the Poker (Gnoll Chaos Knight)                 Turns: 1819, Time: 00:02:04

Health: -6/36      AC:  5    Str: 13    XL:     4   Next: 77%
Magic:  5/5        EV: 13    Int: 15    God:    Xom [......]
Gold:   138        SH:  0    Dex: 14    Spells: 5/5 levels left

rFire    . . .     SeeInvis .   a - +0 spear (chaos)
rCold    . . .     Faith    .   (no shield)
rNeg     . . .     Spirit   .   b - +2 leather armour
rPois    .         Reflect  .   (no helmet)
rElec    .         Harm     .   (no cloak)
rCorr    .                      (no gloves)
MR       .....                  (no boots)
Stlth    ++........             (no amulet)
HPRegen  0.12/turn              (no ring)
MPRegen  0.09/turn              (no ring)

@: no status effects
A: distributed training, fangs 1, blurry vision 1, deterioration 1, frail 1,
mutation resistance 1, screaming 1, weak 1, strong nose
a: Renounce Religion


You were on level 3 of the Dungeon.
You worshipped Xom.
You were a very special plaything of Xom.
You visited 1 branch of the dungeon, and saw 3 of its levels.

You collected 138 gold pieces.

Inventory:

Hand Weapons
 a - a +0 spear of chaos (weapon)
Armour
 b - a +2 leather armour (worn)
Wands
 o - a wand of polymorph (4)
Scrolls
 d - a scroll of enchant weapon {unknown}
 f - 3 scrolls of identify
 g - 3 scrolls of teleportation {unknown}
 k - 2 scrolls of fog {unknown}
 m - a scroll of remove curse {unknown}
 n - a scroll of blinking {unknown}
 p - a scroll of enchant armour {unknown}
Potions
 c - 2 potions of curing
 e - a potion of haste {unknown}
 h - 2 potions of lignification {unknown}
 i - a potion of brilliance {unknown}
 j - a potion of flight {unknown}
 l - a potion of might {unknown}


   Skills:
 + Level 6.6 Fighting
 + Level 1.2 Short Blades
 + Level 1.2 Long Blades
 + Level 1.2 Axes
 + Level 1.2 Maces & Flails
 + Level 6.6 Polearms
 + Level 1.2 Staves
 + Level 1.2 Slings
 + Level 1.2 Bows
 + Level 1.2 Crossbows
 + Level 1.2 Throwing
 + Level 4.7 Armour
 + Level 2.8 Dodging
 + Level 1.2 Stealth
 + Level 1.2 Shields
 + Level 1.2 Unarmed Combat
 + Level 1.2 Spellcasting
 + Level 1.0 Conjurations
 + Level 1.0 Hexes
 + Level 1.0 Summonings
 + Level 1.0 Necromancy
 + Level 1.0 Translocations
 + Level 1.0 Transmutations
 + Level 1.0 Fire Magic
 + Level 1.0 Ice Magic
 + Level 1.0 Air Magic
 + Level 1.0 Earth Magic
 + Level 1.0 Poison Magic
 + Level 1.3 Invocations
 + Level 1.2 Evocations


You had 5 spell levels left.
You didn't know any spells.
Your spell library was empty.

Dungeon Overview and Level Annotations

Branches:
Dungeon (3/15)

Altars:
Gozag


Innate Abilities, Weirdness & Mutations

Your experience applies equally to all skills.
You have very sharp teeth.
Your uncanny sense of smell can sniff out nearby items.
Scrolls take you a little longer to read.
Your body sometimes deteriorates upon taking damage.
You are frail. (-10% HP)
You are somewhat resistant to further mutation.
You occasionally shout uncontrollably at your foes.
You are weak. (Str -2)


Message History

No target in view!
No target in view!
You hear Xom's maniacal laughter.
The ufetubus completely misses you. The ufetubus hits you.
The ufetubus barely misses you. The ufetubus misses you.
The soul eater draws from the surrounding life force!
Really read with blurry vision while enemies are nearby?
You begin reading the scroll.
You continue reading the scroll.
As you read the scroll labeled XAUXKI IRIU, it crumbles to dust.
It is a scroll of identify.
c - 2 potions of curing The soul eater draws from the surrounding life force!
Ouch! That really hurt!
* * * LOW HITPOINT WARNING * * *
Xom thinks this is hilarious!
Really read with blurry vision while enemies are nearby?
The ice devil hits you but does no damage.
You begin reading the scroll.
You continue reading the scroll.
The ice devil hits you!
You die...

##.#....###.......##...#### .#
##.#.<...##.......##.)K####.#
#
##.####.....<......#........#
.....###...........#.########
...#K###...........#.#
####.##.......##..##.#
.....##.....#.....##.#
#######....###.#.###.##
#.........@.....# ####
#....####.#4###.######## ...#
####.......53.#.........
...#######.###.#....#.#######.
........##...#.#....#.#
........####.#.#.†#...#####.#
........# #.#......#.......#
........# #.#...#..#.#######
##†.....####.#.###....# ∆


You could see a soul eater (summoned), an ice devil (summoned) and an ufetubus
(summoned).

Vanquished Creatures
  4 adders
  An ufetubus (D:3)
  An ooze (D:1)
  2 worms
  A dart slug (D:2)
  2 ball pythons
  5 bats
  4 giant cockroaches
  3 hobgoblins
  2 quokkas (D:3)
  3 frilled lizards
  10 goblins
  5 kobolds
  4 rats
47 creatures vanquished.

Notes
Turn   | Place    | Note
-------+----------+-------------------------------------------
     0 | D:1      | epen the Gnoll Chaos Knight began the quest for the Orb.
     0 | D:1      | Reached XP level 1. HP: 23/23 MP: 1/1
   125 | D:1      | Reached XP level 2. HP: 25/29 MP: 2/2
   736 | D:2      | Reached XP level 3. HP: 35/35 MP: 3/3
   760 | D:2      | XOM: divination: magic mapping
   854 | D:2      | Reached skill level 1 in Invocations
  1028 | D:2      | XOM: give mutation
  1028 | D:2      | Gained mutation: You occasionally shout uncontrollably at
                  | your foes. [Xom's mischief]
  1034 | D:2      | Reached skill level 1 in Short Blades
  1034 | D:2      | Reached skill level 1 in Long Blades
  1034 | D:2      | Reached skill level 1 in Axes
  1034 | D:2      | Reached skill level 1 in Maces & Flails
  1034 | D:2      | Reached skill level 1 in Staves
  1034 | D:2      | Reached skill level 1 in Slings
  1034 | D:2      | Reached skill level 1 in Bows
  1034 | D:2      | Reached skill level 1 in Crossbows
  1034 | D:2      | Reached skill level 1 in Throwing
  1034 | D:2      | Reached skill level 1 in Stealth
  1034 | D:2      | Reached skill level 1 in Shields
  1034 | D:2      | Reached skill level 1 in Unarmed Combat
  1034 | D:2      | Reached skill level 1 in Spellcasting
  1034 | D:2      | Reached skill level 1 in Evocations
  1196 | D:2      | XOM: summons 1 hostile shadow creature
  1282 | D:2      | XOM: give mutations
  1282 | D:2      | Gained mutation: You are frail. (-10% HP) [Xom's mischief]
  1282 | D:2      | Gained mutation: Scrolls take you a little longer to read.
                  | [Xom's mischief]
  1323 | D:2      | Reached XP level 4. HP: 36/36 MP: 5/5
  1463 | D:3      | Found an opulent altar of Gozag.
  1478 | D:3      | XOM: 1-stop teleportation journey
  1556 | D:3      | XOM: 1-stop teleportation journey
  1632 | D:3      | XOM: give mutations
  1632 | D:3      | Gained mutation: You are weak. (Str -2) [Xom's mischief]
  1632 | D:3      | Gained mutation: You are somewhat resistant to further
                  | mutation. [Xom's mischief]
  1632 | D:3      | Gained mutation: Your body sometimes deteriorates upon
                  | taking damage. [Xom's mischief]
  1641 | D:3      | Reached skill level 1 in Conjurations
  1641 | D:3      | Reached skill level 1 in Hexes
  1641 | D:3      | Reached skill level 1 in Summonings
  1641 | D:3      | Reached skill level 1 in Necromancy
  1641 | D:3      | Reached skill level 1 in Translocations
  1641 | D:3      | Reached skill level 1 in Transmutations
  1641 | D:3      | Reached skill level 1 in Fire Magic
  1641 | D:3      | Reached skill level 1 in Ice Magic
  1641 | D:3      | Reached skill level 1 in Air Magic
  1641 | D:3      | Reached skill level 1 in Earth Magic
  1641 | D:3      | Reached skill level 1 in Poison Magic
  1808 | D:3      | XOM: summons 3 hostile demons
  1809 | D:3      | Noticed a soul eater
  1809 | D:3      | Noticed an ice devil
  1819 | D:3      | Mangled by an ice devil

Illustrated notes

Levels and vault maps discovered:
D:1:      lightli_arrival_chessboard, layout_loops_ring,
          hangedman_decor_opposing, amethyst_killhole
D:2:      layout_basic
D:3:      layout_basic, lemuel_coloured_pillars_altar

Skill      XL: |  1  2  3  4 |
---------------+-------------+-----
Invocations    | 1 |  1.3
Short Blades   | 1 |  1.2
Long Blades    | 1 |  1.2
Axes           | 1 |  1.2
Maces & Flails | 1 |  1.2
Staves         | 1 |  1.2
Slings         | 1 |  1.2
Bows           | 1 |  1.2
Crossbows      | 1 |  1.2
Throwing       | 1 |  1.2
Stealth        | 1 |  1.2
Shields        | 1 |  1.2
Unarmed Combat | 1 |  1.2
Spellcasting   | 1 |  1.2
Evocations     | 1 |  1.2
Conjurations   | 1 |  1.0
Hexes          | 1 |  1.0
Summonings     | 1 |  1.0
Necromancy     | 1 |  1.0
Translocations | 1 |  1.0
Transmutations | 1 |  1.0
Fire Magic     | 1 |  1.0
Ice Magic      | 1 |  1.0
Air Magic      | 1 |  1.0
Earth Magic    | 1 |  1.0
Poison Magic   | 1 |  1.0
Fighting       | |  6.6
Polearms       | |  6.6
Armour         | |  4.7
Dodging        | |  2.8

Action                   |  1- 3 |  4- 6 || total
-------------------------+-------+-------++-------
Melee: Spear             |    76 |    68 ||   144
       Bite              |     5 |     5 ||    10
       Punch             |       |     1 ||     1
  Use: Scroll            |       |     1 ||     1
 Stab: Sleeping          |     1 |     1 ||     2
       Distracted        |       |     1 ||     1
       Confused          |       |     1 ||     1
Armor: Leather armour    |    10 |    14 ||    24
Dodge: Dodged            |    21 |    25 ||    46

Table legend: (Time is in decaauts)
 A = Elapsed time spent in this place.
 B = Non-inter-level travel time spent in this place.
 C = Inter-level travel time spent in this place.
 D = Time resting spent in this place.
 E = Time spent auto-exploring this place.
 F = Levels seen in this place.
 G = Mean time per level.
                   A        B        C        D        E       F      G
               +--------+--------+--------+--------+--------+-----+--------+
         Total |   1784 |   1736 |     48 |      0 |   1474 |   3 |  594.7 |
       Dungeon |   1784 |   1736 |     48 |      0 |   1474 |   3 |  594.7 |
               +--------+--------+--------+--------+--------+-----+--------+

Top non-repeatable levels by time:
     D:1: 722 daAuts
     D:2: 693 daAuts
     D:3: 369 daAuts
